 Dungeon Crawl Stone Soup version 0.23-a0-143-g1adec7b (webtiles) character file.

125356 mopl the Brawler (level 16, 0/129 HPs)
             Began as a Barachi Transmuter on Sept 1, 2018.
             Was a High Priest of Cheibriados.
             Slain by a snapping turtle (21 damage)
             ... on level 3 of the Shoals on Sept 2, 2018.
             The game lasted 01:22:34 (25286 turns).

mopl the Brawler (Barachi Transmuter)              Turns: 25286, Time: 01:22:34

Health: 0/129      AC: 10    Str: 26    XL:     16   Next: 95%
Magic:  6/25       EV: 24    Int: 36    God:    Cheibriados [*****.]
Gold:   2217       SH:  0    Dex: 25    Spells: 3/25 levels left

rFire    . . .     SeeInvis .     - Unarmed
rCold    . . .     Gourm    .   (shield currently unavailable)
rNeg     . . .     Faith    .   X - +0 troll leather armour
rPois    .         Spirit   .   p - +1 helmet {Int+3}
rElec    .         Reflect  .   D - +2 cloak {+Inv}
rCorr    .         Harm     .   (gloves currently unavailable)
MR       ++...                  Z - +0 pair of boots
Stlth    +++.......             O - amulet of the acrobat
HPRegen  1.71/turn              E - ring of protection from magic
MPRegen  0.19/turn              I - +3 ring of slaying

@: lethally poisoned (0 -> 0), blade hands (expiring), regenerating, very slow
A: +LOS, swims, slowness 1, strong legs 2
a: Hop, End Transformation, Bend Time, Temporal Distortion, Slouch, Step From
Time, Renounce Religion, Evoke Invisibility


You were on level 3 of the Shoals.
You worshipped Cheibriados.
Cheibriados was extremely pleased with you.
You were not hungry.
You had blades for hands.
You visited 5 branches of the dungeon, and saw 27 of its levels.
You also visited: Volcano.

You collected 2692 gold pieces.
You spent 475 gold pieces at shops.

Inventory:

Hand Weapons
 b - a +0 blowgun
Missiles
 a - 859 arrows
 o - 86 tomahawks (quivered)
 u - 6 throwing nets
 P - 5 curare-tipped needles
 Q - 7 tomahawks of dispersal
Armour
 h - a +0 pair of gloves (melded)
 p - a +1 helmet of intelligence (worn)
 D - a +2 cloak of invisibility (worn)
 X - a +0 troll leather armour (worn)
 Z - a +0 pair of boots (worn)
Jewellery
 t - an uncursed ring of flight
 E - a ring of protection from magic (left scythe-like blade)
 I - a +3 ring of slaying (right scythe-like blade)
 O - an amulet of the acrobat (around neck)
 V - an uncursed ring of protection from fire
Wands
 j - a wand of digging (35)
 k - a wand of flame (74)
 v - a wand of enslavement (15)
 C - a wand of acid (14)
 K - a wand of iceblast (19)
 R - a wand of clouds (5)
 T - a wand of scattershot (15)
 W - a wand of polymorph (22)
 Y - a wand of paralysis (2)
Scrolls
 c - 3 scrolls of blinking
 e - 6 scrolls of teleportation
 f - 4 scrolls of fog
 l - a scroll of summoning {unknown}
 q - a scroll of fear
 s - 2 scrolls of immolation {unknown}
 x - 11 scrolls of remove curse
 y - 5 scrolls of magic mapping
 A - 3 scrolls of random uselessness {unknown}
 G - 3 scrolls of enchant armour {unknown}
 J - 2 scrolls of amnesia {unknown}
 N - a scroll of vulnerability
Potions
 i - 2 potions of mutation {!q}
 m - 5 potions of might
 n - a potion of resistance
 r - 9 potions of curing
 w - 3 potions of lignification {!q}
 z - 3 potions of flight
 B - 3 potions of heal wounds
 L - a potion of agility
 M - 2 potions of invisibility
 S - 2 potions of ambrosia
 U - 2 potions of cancellation
Miscellaneous
 F - a phantom mirror
 H - 2 sacks of spiders
Comestibles
 d - 43 rations


   Skills:
 + Level 12.7 Fighting
 * Level 9.8 Throwing
 + Level 11.9 Dodging
 + Level 2.9 Stealth
 * Level 16.2 Unarmed Combat
 + Level 5.2 Spellcasting
 - Level 3.0 Charms
 - Level 3.0 Necromancy
 - Level 3.0 Translocations
 - Level 7.6 Transmutations
 - Level 4.2 Ice Magic
 - Level 2.0 Poison Magic
 + Level 12.1 Invocations
 + Level 9.0 Evocations


You had 3 spell levels left.
You knew the following spells:

 Your Spells              Type           Power        Failure   Level  Hunger
a - Beastly Appendage     Tmut           ######       9%          1    None
b - Spider Form           Tmut/Pois      #####.....   21%         3    None
c - Blade Hands           Tmut           ######....   34%         5    #####..
d - Ice Form              Ice/Tmut       ######..     28%         4    ###....
e - Blink                 Tloc           N/A          21%         2    None
r - Regeneration          Chrm/Necr      ####......   28%         3    None
w - Sticks to Snakes      Tmut           ######..     10%         2    None
C - Corpse Rot            Necr           N/A          21%         2    None

Your spell library contained the following spells:

 Spells                   Type           Power        Failure   Level  Hunger
 Infusion                 Chrm           ####         17%         1    None
 Shroud of Golubria       Chrm/Tloc      ####......   21%         2    None
 Song of Slaying          Chrm           ####....     21%         2    None
 Ensorcelled Hibernation  Hex/Ice        ###...       24%         2    None
 Sting                    Conj/Pois      ###.         26%         1    None
 Gell's Gravitas          Tloc           ####......   28%         3    None
 Lesser Beckoning         Tloc           ####......   28%         3    None
 Teleport Other           Tloc           ####....     28%         3    None
 Magic Dart               Conj           #...         30%         1    None
 Sandblast                Erth           #.....       30%         1    None
 Poisonous Vapours        Pois/Air       ###...       30%         2    None
 Searing Ray              Conj           #.....       38%         2    None
 Spectral Weapon          Hex/Chrm       ###.....     38%         3    None
 Mephitic Cloud           Conj/Pois/Air  ##......     45%         3    None
 Dazzling Spray           Conj/Hex       #.....       52%         3    None
 Stone Arrow              Conj/Erth      #.....       52%         3    None
 Passage of Golubria      Tloc           N/A          52%         4    ###....
 Olgreb's Toxic Radiance  Pois           ###.....     61%         4    ###....
 Force Lance              Conj/Tloc      ###.....     67%         4    ###....
 Dispel Undead            Necr           ####....     77%         5    #####..
 Fulminant Prism          Conj/Hex       #.........   82%         4    ###....
 Iskenderun's Mystic Bla  Conj           #.......     82%         4    ###....
 Borgnjor's Vile Clutch   Necr/Erth      ###.......   89%         5    #####..
 Venom Bolt               Conj/Pois      ###.......   93%         5    #####..
 Lee's Rapid Deconstruct  Erth           #.........   97%         5    #####..
 Silence                  Hex/Air        #.........   97%         5    #####..
 Darkness                 Hex            #.........   100%        6    ######.
 Shadow Creatures         Summ           N/A          100%        6    ######.


Dungeon Overview and Level Annotations

Branches:
Dungeon (15/15)            Temple (1/1) D:6            Lair (6/6) D:10
 Shoals (3/4) Lair:3       Spider (0/4) Lair:4        Slime (0/5) Lair:6
    Orc (2/2) D:11            Elf (0/3) Orc:2        Vaults (0/5) D:14
 Depths (0/5) D:15

Altars:
Ashenzari
Cheibriados
Dithmenos
Elyvilon
Fedhas
Gozag
Hepliaklqana
Kikubaaqudgha
Makhleb
Nemelex Xobeh
Okawaru
Qazlal
Ru
Sif Muna
Trog
Uskayaw
Vehumet
Wu Jian
Xom
Yredelemnul
Zin
The Shining One
Beogh

Shops:
Orc:2 *([}

Annotations:
Shoals:3 1 transporter


Innate Abilities, Weirdness & Mutations

Shadows flee at your approach. (+LOS)
You can swim through water.
You cover ground slowly.
You can hop long distances.


Message History

Press: ? - help, Shift-Dir - straight line, f - snapping turtle
Aim: a snapping turtle (heavily wounded)
The bolt of acid hits the snapping turtle.
The snapping turtle is splashed with acid.
The acid corrodes the snapping turtle!
The snapping turtle is severely wounded.
Unknown command.
Evoke which item? (* to show all) (? for menu, Esc to quit)
Aiming: Iceblast
Press: ? - help, Shift-Dir - straight line, f/p - snapping turtle
Aim: a snapping turtle (severely wounded, covered in acid)
The mass of ice explodes!
The iceblast engulfs the snapping turtle.
The snapping turtle is almost dead.
The iceblast engulfs the plant.
The plant is heavily damaged.
You feel sick.
You hear an angry hiss.
The snapping turtle bites you from afar!!
You die...

#≈≈≈≈≈ ≈≈ #≈≈≈≈P≈.≈≈≈
#≈P≈.≈≈≈≈≈≈ ..^ .^ #≈P.
.≈≈≈≈≈ ^.##.##.^
#≈.##.≈≈≈≈≈ #^..^..^#
##≈P..≈≈≈≈≈≈ #.^.....#
##≈t..≈≈≈≈≈≈≈ # .^^©^..
##.≈)≈≈≈≈≈≈≈≈≈ # #####
#..)@P≈≈≈≈≈≈≈≈ # #####
#.≈≈≈≈≈≈≈≈≈≈≈≈
#############≈≈≈≈≈≈≈≈≈≈≈≈≈
......©..≈≈≈≈≈≈≈≈≈≈≈≈≈≈≈≈≈
........≈≈≈≈≈≈≈≈≈≈≈≈≈≈≈≈≈≈
........≈≈≈≈≈≈≈≈≈≈≈≈≈≈≈≈≈≈
.......≈≈≈≈≈≈≈≈≈≈≈≈≈≈≈≈≈≈≈
.....≈≈≈≈≈≈≈≈≈≈≈≈≈≈≈≈≈≈≈≈.
..≈≈≈≈≈≈≈≈≈≈P≈≈≈≈≈P≈≈≈≈≈≈.


You could see a snapping turtle.

Vanquished Creatures
  An orc warlord (Orc:2)
  A frost giant (D:15)
  Louise (D:14)
  A stone giant (Orc:2)
  Nessos (D:14)
  A red draconian (Volcano)
  Azrael (D:12)
  Snorg (D:13)
  An ettin (Orc:1)
  A great orb of eyes (D:14)
  Josephine (D:14)
  An ogre mage (D:14)
  3 merfolk impalers
  Harold (D:7)
  The ghost of Kufareon the Nimble, a journeyman OpFi of Cheibriados (Lair:3)
  7 hydras
  3 merfolk avatars
  6 two-headed ogres
  2 centaur warriors
  An alligator snapping turtle (Shoals:2)
  3 death yaks (Lair:4)
  A satyr (Shoals:2)
  2 orc high priests (Orc:2)
  Sonja (D:10)
  A salamander mystic (Volcano)
  4 sea snakes
  An unseen horror (D:12)
  An obsidian statue (D:12)
  3 orc knights
  A necromancer (D:15)
  11 harpies
  5 orc sorcerers
  A wolf spider (Lair:6)
  4 manticores
  4 ugly things
  A deep elf mage (D:15)
  5 salamanders (Volcano)
  4 cyclopes
  5 fauns
  8 merfolk sirens
  15 elephants
  6 water nymphs
  A guardian serpent (Lair:6)
  11 black mambas
  An eye of devastation (Lair:6)
  2 gargoyles
  15 spiny frogs
  A kobold demonologist (D:15)
  3 rime drakes
  A yaktaur (shapeshifter) (D:14)
  A yaktaur (D:15)
  A freezing wraith (D:14)
  8 komodo dragons
  A polar bear (Lair:4)
  5 trolls
  13 merfolk
  3 hornets
  3 wind drakes
  13 dream sheep
  Prince Ribbit (D:7)
  5 snapping turtles
  12 hippogriffs
  7 redbacks
  Sigmund (D:5)
  A shadow (D:12)
  46 yaks
  4 hogs (D:10)
  8 wraiths
  A spriggan (shapeshifter) (D:13)
  4 water elementals
  A human (D:10)
  11 wyverns
  7 fire bats (Volcano)
  5 basilisks
  4 fire elementals (D:12)
  3 hungry ghosts
  22 vampire mosquitoes
  Menkaure (D:7)
  2 acid dragons
  3 wargs
  A soldier ant (D:14)
  24 water moccasins
  4 porcupines
  Duvessa (D:4)
  3 hell hounds (D:12)
  4 ice beasts
  4 sky beasts
  2 eyes of draining
  2 black bears
  38 orc warriors
  A phantom (D:9)
  17 ogres
  35 wolves
  21 centaurs
  4 boggarts (D:15)
  10 crocodiles
  2 elf zombies (D:13)
  4 big kobolds
  17 bullfrogs
  A gnoll sergeant (D:5)
  An elf skeleton (D:13)
  2 scorpions
  Dowan (D:4)
  6 killer bees (D:11)
  A wight (D:13)
  2 electric eels (Lair:6)
  6 howler monkeys
  4 crimson imps
  2 centaur zombies
  3 hounds
  6 lava snakes (Volcano)
  A quasit (D:10)
  A human zombie (D:13)
  3 jellies
  3 centaur skeletons
  29 orc wizards
  28 orc priests
  4 bullfrog skeletons
  5 iguanas
  Ijyb (D:3)
  Natasha (thrice) (D:3)
  Terence (D:3)
  A polar bear simulacrum (D:15)
  8 worker ants
  3 yak simulacra (D:15)
  A wolf simulacrum (D:15)
  A killer bee zombie (D:8)
  An ogre zombie (D:13)
  A hound skeleton (D:4)
  3 mummies (D:13)
  2 worker ant zombies (D:6)
  15 adders
  4 gnolls
  A howler monkey skeleton (D:6)
  2 shadow imps
  An ooze (D:1)
  2 adder skeletons (D:4)
  2 worms (D:4)
  3 dart slugs
  3 leopard geckos
  112 orcs
  6 giant cockroaches
  15 goblins
  13 hobgoblins
  5 jackals
  6 quokkas
  3 ball pythons
  8 bats
  4 frilled lizards
  2 jackal skeletons
  15 kobolds
  2 leopard gecko skeletons
  An orc zombie (D:13)
  8 rats
  6 river rat simulacra (D:15)
  4 plants
927 creatures vanquished.

Vanquished Creatures (others)
  18 fungi
  22 plants
40 creatures vanquished.

Grand Total: 967 creatures vanquished

Notes
Turn   | Place    | Note
-------+----------+-------------------------------------------
     0 | D:1      | mopl the Barachi Transmuter began the quest for the Orb.
     0 | D:1      | Reached XP level 1. HP: 15/15 MP: 3/3
   290 | D:1      | Reached XP level 2. HP: 5/21 MP: 3/5
   541 | D:1      | Learned a level 2 spell: Sticks to Snakes
   766 | D:1      | Reached skill level 4 in Unarmed Combat
   766 | D:1      | Reached XP level 3. HP: 24/26 MP: 4/6
   937 | D:1      | Learned a level 3 spell: Spider Form
   990 | D:2      | Found a faded altar of an unknown god.
  1510 | D:2      | Reached XP level 4. HP: 29/32 MP: 5/8
  1697 | D:2      | Reached skill level 3 in Transmutations
  2077 | D:3      | Found a blossoming altar of Fedhas.
  2098 | D:3      | Reached skill level 1 in Poison Magic
  2103 | D:2      | Reached skill level 3 in Spellcasting
  2106 | D:2      | HP: 2/48 [poisoned by an adder]
  2276 | D:3      | Reached XP level 5. HP: 30/37 MP: 5/9
  2396 | D:3      | Learned a level 4 spell: Ice Form
  2719 | D:3      | Noticed Ijyb
  2736 | D:3      | Killed Ijyb
  2736 | D:3      | Reached skill level 5 in Unarmed Combat
  2773 | D:3      | Noticed Terence
  2800 | D:3      | Killed Terence
  2800 | D:3      | Reached skill level 1 in Ice Magic
  2963 | D:3      | Noticed Natasha
  2984 | D:3      | Killed Natasha
  2984 | D:3      | Reached skill level 2 in Poison Magic
  2984 | D:3      | Reached XP level 6. HP: 21/43 MP: 1/10
  2986 | D:3      | Noticed Natasha
  2986 | D:3      | Noticed a sky beast
  3169 | D:3      | Killed Natasha
  3267 | D:3      | Killed a sky beast
  3267 | D:3      | Reached skill level 2 in Ice Magic
  3298 | D:3      | Noticed Natasha
  3311 | D:3      | Killed Natasha
  3311 | D:3      | Reached skill level 6 in Unarmed Combat
  3311 | D:3      | Reached skill level 4 in Transmutations
  3549 | D:4      | Noticed a yak
  3549 | D:4      | Noticed a yak
  3550 | D:4      | Noticed a yak
  3551 | D:4      | Noticed a yak
  3551 | D:4      | Noticed a yak
  3571 | D:3      | Killed a yak
  3571 | D:3      | Reached skill level 3 in Ice Magic
  3571 | D:3      | Reached XP level 7. HP: 16/48 MP: 8/11
  3827 | D:3      | Killed a yak
  3827 | D:3      | Reached skill level 7 in Unarmed Combat
  3868 | D:3      | Killed a yak
  3868 | D:3      | Reached skill level 5 in Transmutations
  4172 | D:4      | Reached skill level 4 in Ice Magic
  4172 | D:4      | Reached XP level 8. HP: 54/54 MP: 9/12
  4226 | D:4      | Noticed Dowan
  4291 | D:4      | Killed a yak
  4413 | D:4      | Killed a yak
  4413 | D:4      | Reached skill level 2 in Fighting
  4413 | D:4      | Reached skill level 8 in Unarmed Combat
  4466 | D:4      | Reached skill level 3 in Dodging
  4672 | D:4      | Noticed Duvessa
  4694 | D:4      | Killed Dowan
  4694 | D:4      | Reached skill level 3 in Fighting
  5324 | D:4      | Reached skill level 6 in Transmutations
  5457 | D:4      | Killed Duvessa
  5457 | D:4      | Reached XP level 9. HP: 57/65 MP: 9/13
  5519 | D:5      | Entered Level 5 of the Dungeon
  5694 | D:5      | Reached skill level 4 in Dodging
  5694 | D:5      | Reached skill level 9 in Unarmed Combat
  5696 | D:5      | Noticed Sigmund
  5825 | D:5      | Killed Sigmund
  5825 | D:5      | Reached skill level 4 in Fighting
  5970 | D:5      | Found a glowing golden altar of the Shining One.
  6020 | D:5      | Found an opulent altar of Gozag.
  6024 | D:5      | Found a blossoming altar of Fedhas.
  6025 | D:5      | Found a deep blue altar of Sif Muna.
  6027 | D:5      | Found a shadowy altar of Dithmenos.
  6030 | D:5      | Found a hide-covered altar of Uskayaw.
  6084 | D:5      | Found a shimmering altar of Xom.
  6208 | D:6      | Found a glowing silver altar of Zin.
  6259 | D:6      | Got a brightly glowing ring mail
  6530 | D:6      | Found a staircase to the Ecumenical Temple.
  6556 | Temple   | Entered the Ecumenical Temple
  6565 | Temple   | Became a worshipper of Cheibriados the Contemplative
  7140 | D:7      | Reached skill level 1 in Invocations
  7179 | D:7      | Noticed Menkaure
  7191 | D:7      | Killed Menkaure
  7191 | D:7      | Reached skill level 5 in Dodging
  7406 | D:7      | Reached skill level 5 in Fighting
  7412 | D:7      | Found a radiant altar of Vehumet.
  7412 | D:7      | Noticed Prince Ribbit
  7425 | D:7      | Killed Prince Ribbit
  7425 | D:7      | Reached skill level 10 in Unarmed Combat
  7435 | D:7      | Reached skill level 7 in Transmutations
  7435 | D:7      | Reached skill level 2 in Invocations
  7570 | D:7      | Reached * piety under Cheibriados
  7736 | D:7      | Reached XP level 10. HP: 54/74 MP: 10/14
  7914 | D:7      | Learned a level 5 spell: Blade Hands
  7948 | D:7      | Reached skill level 3 in Invocations
  7998 | D:7      | Noticed Harold
  8007 | D:7      | Killed Harold
  8425 | D:8      | Reached skill level 6 in Fighting
  8555 | D:8      | Identified the +2 ring mail of the Centipede {rF+} (You
                  | found it on level 6 of the Dungeon)
  8741 | D:8      | Identified the Compendium of Evil Clay
  8744 | D:8      | Got a faintly glowing large shield
  9089 | D:9      | Reached ** piety under Cheibriados
  9112 | D:9      | Reached skill level 4 in Invocations
  9160 | D:9      | Reached skill level 6 in Dodging
  9230 | D:9      | Reached skill level 11 in Unarmed Combat
  9796 | D:9      | Reached skill level 4 in Spellcasting
  9809 | D:9      | Reached *** piety under Cheibriados
  9820 | D:9      | Reached XP level 11. HP: 43/83 MP: 17/17
  9825 | D:9      | Reached skill level 1 in Throwing
  9825 | D:9      | Reached skill level 5 in Invocations
 10136 | D:10     | Entered Level 10 of the Dungeon
 10148 | D:10     | Reached skill level 7 in Fighting
 10302 | D:10     | Found a staircase to the Lair.
 10313 | D:10     | Noticed a two-headed ogre
 10324 | D:10     | Killed a two-headed ogre
 10324 | D:10     | Reached skill level 2 in Throwing
 10488 | D:10     | Noticed Sonja
 10673 | D:10     | Reached **** piety under Cheibriados
 10897 | D:10     | Killed Sonja
 10897 | D:10     | Reached skill level 7 in Dodging
 10897 | D:10     | Reached skill level 6 in Invocations
 10960 | Lair:1   | Entered Level 1 of the Lair of Beasts
 11337 | Lair:1   | Reached skill level 12 in Unarmed Combat
 11933 | Lair:1   | Reached skill level 3 in Throwing
 12494 | Lair:2   | Reached skill level 8 in Fighting
 12499 | Lair:2   | Reached XP level 12. HP: 76/92 MP: 14/18
 12509 | Lair:2   | Reached ***** piety under Cheibriados
 12510 | Lair:2   | Reached skill level 7 in Invocations
 12568 | Lair:2   | Learned a level 2 spell: Corpse Rot
 12723 | Lair:2   | Reached skill level 4 in Throwing
 12730 | Lair:2   | Noticed a four-headed hydra
 12738 | Lair:2   | Killed a four-headed hydra
 12738 | Lair:2   | Reached skill level 1 in Necromancy
 12971 | Lair:3   | Reached skill level 8 in Dodging
 13196 | Lair:3   | Reached skill level 13 in Unarmed Combat
 13197 | Lair:3   | Found a transporter.
 13220 | Lair:3   | Noticed a four-headed hydra
 13220 | Lair:3   | Noticed Kufareon's ghost (journeyman OpFi)
 13220 | Lair:3   | Noticed a five-headed hydra
 13221 | Lair:3   | Found a transporter.
 13236 | Lair:3   | Reached skill level 2 in Necromancy
 13486 | Lair:3   | Reached skill level 8 in Invocations
 13486 | Lair:3   | Reached skill level 1 in Evocations
 13560 | Lair:3   | Found a staircase to the Shoals.
 13778 | Lair:4   | Reached skill level 9 in Fighting
 13778 | Lair:4   | Reached skill level 5 in Throwing
 13860 | Lair:4   | Reached skill level 2 in Evocations
 13953 | Lair:4   | Reached ****** piety under Cheibriados
 13953 | Lair:4   | Gained mutation: You can hop long distances. [Barachi
                  | growth]
 13953 | Lair:4   | Reached XP level 13. HP: 101/101 MP: 13/19
 14052 | Lair:4   | Reached skill level 3 in Necromancy
 14305 | Lair:4   | Found a hole to the Spider Nest.
 14710 | Lair:4   | Reached skill level 3 in Evocations
 14834 | Lair:5   | Reached skill level 9 in Dodging
 14834 | Lair:5   | Reached skill level 9 in Invocations
 14856 | Lair:5   | Got an ichor-stained plate armour
 14937 | Lair:5   | Found a dark tunnel.
 14957 | Volcano  | Entered a volcano
 15009 | Volcano  | Reached skill level 14 in Unarmed Combat
 15063 | Volcano  | Reached skill level 6 in Throwing
 15110 | Volcano  | Reached skill level 4 in Evocations
 15110 | Volcano  | Noticed a red draconian
 15125 | Volcano  | Found a burning altar of Makhleb.
 15452 | Volcano  | Killed a red draconian
 15466 | Volcano  | Found a bloodstained altar of Trog.
 15558 | Lair:5   | Reached skill level 10 in Fighting
 16168 | Lair:6   | Entered Level 6 of the Lair of Beasts
 16197 | Lair:6   | Reached XP level 14. HP: 110/110 MP: 19/21
 16216 | Lair:6   | Learned a level 2 spell: Blink
 16252 | Lair:5   | Identified the +8 plate armour "Acesonayr" {rC- rN++ Int+6}
                  | (You found it on level 5 of the Lair of Beasts)
 16337 | Lair:6   | Reached skill level 1 in Translocations
 16513 | Lair:6   | Reached skill level 10 in Invocations
 16616 | Lair:6   | Reached skill level 5 in Evocations
 16679 | Lair:6   | Reached skill level 2 in Translocations
 16708 | Lair:6   | Learned a level 3 spell: Regeneration
 16772 | Lair:6   | Found a staircase to the Slime Pits.
 17094 | Lair:6   | Reached skill level 1 in Charms
 17308 | Lair:6   | Reached skill level 7 in Throwing
 17800 | D:11     | Found a staircase to the Orcish Mines.
 17940 | D:11     | Reached skill level 5 in Spellcasting
 17979 | D:11     | Found a shadowy altar of Dithmenos.
 18069 | D:12     | Reached skill level 10 in Dodging
 18191 | D:12     | Reached skill level 2 in Charms
 18191 | D:12     | Reached skill level 3 in Translocations
 18381 | D:12     | Reached skill level 15 in Unarmed Combat
 18451 | D:12     | Noticed Azrael
 18500 | D:12     | Killed Azrael
 18757 | D:12     | Reached skill level 6 in Evocations
 18757 | D:12     | Reached XP level 15. HP: 117/117 MP: 16/23
 18831 | Orc:1    | Entered Level 1 of the Orcish Mines
 18994 | Orc:1    | Reached skill level 11 in Fighting
 19167 | Orc:1    | Found a runed door.
 19388 | Orc:1    | Reached skill level 3 in Charms
 19450 | Orc:1    | Got a pitted rapier {holy}
 19451 | Orc:1    | Identified the +0 rapier of Temperance {holy, +Inv rN+
                  | Dex+3 Stlth+} (You took it off an orc on level 1 of the
                  | Orcish Mines)
 19467 | Orc:1    | Found a roughly hewn altar of Beogh.
 19565 | Orc:2    | Entered Level 2 of the Orcish Mines
 19647 | Orc:2    | Found a roughly hewn altar of Beogh.
 19659 | Orc:2    | Found Cugirrea's Gadget Emporium.
 19765 | Orc:2    | Found a staircase to the Elven Halls.
 19887 | Orc:2    | Noticed an orc warlord
 19892 | Orc:2    | Reached skill level 11 in Invocations
 19923 | Orc:2    | Killed an orc warlord
 20068 | Orc:2    | Found a roughly hewn altar of Beogh.
 20069 | Orc:2    | Found Nuqaf's Antique Armour Boutique.
 20321 | Orc:2    | Found a roughly hewn altar of Beogh.
 20430 | Orc:2    | Found a roughly hewn altar of Beogh.
 20442 | Orc:2    | Found Paty's General Store.
 20456 | Orc:2    | Bought a scroll of blinking for 127 gold pieces
 20456 | Orc:2    | Bought a scroll of magic mapping for 59 gold pieces
 20456 | Orc:2    | Bought a scroll of identify for 34 gold pieces
 20489 | Orc:2    | Found a roughly hewn altar of Beogh.
 20615 | Orc:2    | Found Yrritt's Antique Weapon Shop.
 20624 | Orc:2    | Bought a shiny helmet for 255 gold pieces
 20726 | Lair:1   | Identified a scroll of acquirement
 20729 | Lair:1   | Got an ancient chain mail
 20740 | Lair:1   | Identified the +1 chain mail "Turrirow" {rElec} (You
                  | acquired it on level 1 of the Lair of Beasts)
 20850 | D:13     | Reached skill level 8 in Throwing
 21140 | D:13     | Noticed Snorg
 21151 | D:13     | Killed Snorg
 21512 | D:13     | Found a basalt altar of Yredelemnul.
 21654 | D:14     | Reached skill level 7 in Evocations
 21756 | D:14     | Found a gate to the Vaults.
 21781 | D:14     | Paralysed by an ogre mage for 2 turns
 21853 | D:14     | Reached skill level 11 in Dodging
 21894 | D:14     | Noticed Nessos
 21903 | D:14     | Killed Nessos
 21963 | D:14     | Got a polished buckler
 21969 | D:14     | Identified the +2 buckler "Teifynwe" {Str+4 Int+2} (You
                  | acquired it on level 14 of the Dungeon)
 22001 | D:14     | Noticed Josephine
 22014 | D:14     | Killed Josephine
 22081 | D:14     | Noticed Louise
 22096 | D:14     | Killed Louise
 22376 | D:15     | Entered Level 15 of the Dungeon
 22429 | D:15     | Got a dull robe
 22448 | D:15     | Identified the +1 robe of Okawaru's Castigation {rC+} (You
                  | found it on level 15 of the Dungeon)
 22502 | D:15     | Reached XP level 16. HP: 120/127 MP: 19/24
 22647 | D:15     | Found a staircase to the Depths.
 22652 | D:15     | Reached skill level 12 in Fighting
 22963 | D:15     | Reached skill level 12 in Invocations
 23274 | Lair:3   | Reached skill level 8 in Evocations
 23279 | Lair:3   | Killed Kufareon's ghost
 23295 | Lair:3   | Got a pair of bloodstained boots
 23301 | Lair:3   | Identified the +0 pair of boots "Qitzirot" {-Cast rElec
                  | rPois} (You found it on level 3 of the Lair of Beasts)
 23350 | Shoals:1 | Entered Level 1 of the Shoals
 23383 | Shoals:1 | Reached skill level 9 in Throwing
 23659 | Shoals:1 | Reached skill level 1 in Stealth
 24290 | Shoals:2 | Reached skill level 2 in Stealth
 24436 | Shoals:2 | Reached skill level 16 in Unarmed Combat
 25249 | Shoals:3 | Found a transporter.
 25281 | Shoals:3 | Reached skill level 9 in Evocations
 25286 | Shoals:3 | Slain by a snapping turtle

Vault maps used:
D:1:      lightli_arrival_statuegarden
D:2:      kennysheep_big_flooded_room, chequers_ecumenical_altar_simple_redux,
          kennysheep_donut
D:3:      serial_curves, eino_curves_03, eino_curves_04, grunt_ministairs_1,
          st_stairs_4, fedhas_altar_1, uniq_ijyb, uniq_natasha, uniq_terence
D:4:      cheibrodos_greedy_goblins, uniq_duvessa
D:5:      tso_altar, minitemple, first_ration, basic_altar, uniq_sigmund
D:6:      old_standard_altar, temple_pool_b
D:7:      lemuel_doored_altar, serial_corexii_hall, corexii_hall_statues_s,
          corexii_hall_statues_i, lightli_minifort, uniq_menkaure, uniq_harold,
          uniq_prince_ribbit1
D:10:     dpeg_oklobed_lair, grunt_livestock, uniq_sonja
D:11:     david_orc_2, grunt_dithmenos_shadows
D:12:     minivault_16, uniq_azrael
D:13:     lemuel_mausoleum_altar_yredelemnul, uniq_snorg
D:14:     david_vaults_2, hangedman_decor_opposing, uniq_josephine, uniq_nessos,
          uniq_louise
D:15:     grunt_enter_depths_snipers, eino_house_with_fridge
Temple:   eino_temple_lava
Lair:1:   serial_bayou_pond_e
Lair:2:   grunt_forest_large_clearings
Lair:3:   minmay_shoals_entry_lonely_mermaid, gammafunk_ghost_arena,
          minivault_23
Lair:4:   spider_nest_entry_webs, small_statue_intersection
Lair:5:   nicolae_volcano_entry_hallway, guppyfry_lair_drakes
Lair:6:   hangedman_lair_tendril_chambers, minmay_slime_entry_eyes,
          serial_bayou_lagoon_a, minmay_hedge_maze, lemuel_fruit_tree
Shoals:3: gammafunk_its_a_trap
Orc:1:    lightli_church_of_beogh
Orc:2:    grunt_orc_community_town_hall, grunt_orc_community_big_house_2,
          grunt_orc_community_big_house_2, grunt_orc_community_house_1,
          grunt_orc_community_house_3, grunt_orc_community_house_3,
          grunt_orc_community_house_3, grunt_orc_community_house_3, mines1_david
Volcano:  volcano_grotto

Skill      XL: |  1  2  3  4  5  6  7  8  9 10 11 12 13 14 15 16 |
---------------+-------------------------------------------------+-----
Unarmed Combat | 4 5 6 7 8 10 11 12 13 14 15 16 | 16.2
Transmutations | 3 4 5 6 7 |  7.6
Poison Magic   | 1 2 |  2.0
Spellcasting   | 3 4 5 |  5.2
Ice Magic      | 1 3 4 |  4.2
Fighting       | 3 5 6 8 9 10 11 12 | 12.7
Dodging        | 3 5 6 7 8 9 10 11 | 11.9
Invocations    | 2 4 6 8 9 10 11 12 | 12.1
Throwing       | 3 5 6 7 8 9 |  9.8
Necromancy     | 2 3 |  3.0
Evocations     | 2 4 6 7 9 |  9.0
Translocations | 3 |  3.0
Charms         | 2 3 |  3.0
Stealth        | 2 |  2.9

Action                   |  1- 3 |  4- 6 |  7- 9 | 10-12 | 13-15 | 16-18 || total
-------------------------+-------+-------+-------+-------+-------+-------++-------
Melee: Unarmed           |    93 |   175 |   288 |   534 |  1080 |   300 ||  2470
       Kick              |     2 |     1 |     2 |       |       |       ||     5
       Headbutt          |     4 |       |       |       |       |       ||     4
       Punch             |     1 |       |       |    41 |    88 |    40 ||   170
 Fire: Blowgun           |       |       |       |     4 |     3 |       ||     7
Throw: Tomahawk          |       |       |     2 |    15 |    13 |    34 ||    64
 Cast: Beastly Appendage |    12 |     1 |     2 |       |       |       ||    15
       Spider Form       |     5 |    16 |    28 |     6 |     1 |       ||    56
       Ice Form          |       |       |     2 |    11 |    19 |     1 ||    33
       Blade Hands       |       |       |       |    24 |    52 |    19 ||    95
       Regeneration      |       |       |       |       |    15 |    18 ||    33
       Corpse Rot        |       |       |       |       |     7 |       ||     7
       Blink             |       |       |       |       |       |     1 ||     1
Invok: Temporal Distorti |       |       |       |       |     6 |     1 ||     7
       Slouch            |       |       |       |       |       |     7 ||     7
       Step From Time    |       |       |       |       |       |     1 ||     1
 Abil: End Transformatio |     1 |     5 |     2 |     5 |     7 |     5 ||    25
       Hop               |       |       |     1 |     3 |     6 |     2 ||    12
       Evoke Invisibilit |       |       |       |       |     1 |       ||     1
Evoke: Wand              |       |     1 |    12 |     7 |    13 |     2 ||    35
  Use: Potion            |       |     2 |     2 |       |     5 |     1 ||    10
       Scroll            |       |     2 |     5 |     4 |    17 |     5 ||    33
 Stab: Sleeping          |       |       |       |     1 |     9 |     4 ||    14
       Distracted        |       |       |       |     1 |     3 |       ||     4
       Paralysed         |       |       |       |       |     4 |       ||     4
       Invisible         |       |       |       |       |     2 |       ||     2
  Eat: Chunk             |     3 |    10 |    15 |    21 |    32 |    10 ||    91
       Ration            |       |       |     1 |     1 |     2 |     1 ||     5
Armor: Robe              |    23 |     9 |    13 |     3 |       |       ||    48
       Skin              |       |     8 |     9 |    10 |    16 |     5 ||    48
       Troll leather arm |       |       |       |    33 |    78 |    44 ||   155
       Ring mail         |       |       |       |       |    11 |       ||    11
Dodge: Dodged            |    68 |   122 |   183 |   395 |  1077 |   464 ||  2309

Table legend:
 A = Non-vault XP
 B = Vault XP
 C = Vault XP percentage of total XP
 D = Non-vault monster count
 E = Vault monster count
 F = Vault count percentage of total count
                 A         B        C        D         E       F
            +---------+---------+-------+---------+---------+-------
      Total |  120075 |   59005 |  32.9 |     645 |     277 |  30.0
            +---------+---------+-------+---------+---------+-------
        D:1 |      38 |       0 |   0.0 |      20 |       0 |   0.0
        D:2 |      84 |       2 |   2.3 |      23 |       2 |   8.0
        D:3 |     788 |     244 |  23.6 |      24 |       6 |  20.0
        D:4 |    1071 |     233 |  17.9 |      34 |      13 |  27.7
        D:5 |     213 |     220 |  50.8 |      11 |       1 |   8.3
        D:6 |     656 |       0 |   0.0 |      21 |       0 |   0.0
        D:7 |    1278 |    1638 |  56.2 |      23 |       6 |  20.7
        D:8 |     630 |       0 |   0.0 |      15 |       0 |   0.0
        D:9 |    3068 |       0 |   0.0 |      40 |       0 |   0.0
       D:10 |    2125 |    1818 |  46.1 |      11 |       6 |  35.3
       D:11 |    3889 |     406 |   9.5 |      38 |       7 |  15.6
       D:12 |    6027 |    3190 |  34.6 |      33 |       9 |  21.4
       D:13 |    4791 |    2082 |  30.3 |      22 |      13 |  37.1
       D:14 |    9504 |    7660 |  44.6 |      38 |      10 |  20.8
       D:15 |    5005 |    3850 |  43.5 |      26 |      15 |  36.6
     Lair:1 |    1919 |       0 |   0.0 |      11 |       0 |   0.0
     Lair:2 |    1653 |    4401 |  72.7 |       6 |      35 |  85.4
     Lair:3 |    6994 |    4516 |  39.2 |      28 |       7 |  20.0
     Lair:4 |    8894 |     455 |   4.9 |      23 |       3 |  11.5
     Lair:5 |    6703 |    1633 |  19.6 |      14 |       4 |  22.2
     Lair:6 |   10130 |    9367 |  48.0 |      46 |      35 |  43.2
   Shoals:1 |   15728 |       0 |   0.0 |      34 |       0 |   0.0
   Shoals:2 |   12648 |       0 |   0.0 |      29 |       0 |   0.0
   Shoals:3 |    9602 |       0 |   0.0 |      17 |       0 |   0.0
      Orc:1 |    3941 |    1195 |  23.3 |      35 |      16 |  31.4
      Orc:2 |    2696 |    9711 |  78.3 |      23 |      69 |  75.0
    Volcano |       0 |    6384 | 100.0 |       0 |      20 | 100.0
            +---------+---------+-------+---------+---------+-------
